 Dungeon Crawl Stone Soup version 0.30-a0-591-g3c58d2bc28 (webtiles) character file.

Game seed: 9594397420586910200

331 bmack86 the Chopper (level 6, 0/55 HPs)
             Began as a Minotaur Fighter on Jan 5, 2023.
             Slain by an ogre
             ... wielding a +0 giant club
              (21 damage)
             ... in the Ecumenical Temple.
             The game lasted 00:08:12 (2665 turns).

bmack86 the Chopper (Minotaur Fighter)              Turns: 2665, Time: 00:08:13

Health: 0/55       AC: 10    Str: 22    XL:     6   Next: 26%
Magic:  5/5        EV:  9    Int:  5    God:
Gold:   155        SH:  4    Dex: 10    Spells: 5/5 levels left

rFire   . . .      SeeInvis +    a - +1 war axe
rCold   . . .      Faith    .    c - +0 buckler
rNeg    . . .      Spirit   .    b - +0 scale mail
rPois   .          Reflect  .    (helmet restricted)
rElec   .          Harm     .    (no cloak)
rCorr   .          Rampage  .    f - +0 pair of gloves
Will    .....                    t - +1 pair of boots Stlth
                                 (no amulet)
HPRegen 0.29/turn                i - ring of see invisible
MPRegen 0.09/turn                (no ring)

@: no status effects
A: horns 2, retaliatory headbutt
a: no special abilities


You were in the Ecumenical Temple.
You visited 2 branches of the dungeon, and saw 5 of its levels.

You collected 155 gold pieces.

Inventory:

Hand Weapons
 a - a +1 war axe (weapon)
Missiles
 g - a poisoned dart (quivered)
Armour
 b - a +0 scale mail (worn)
 c - a +0 buckler (worn)
 f - a +0 pair of gloves (worn)
 t - a +1 pair of boots (worn)
Jewellery
 i - a ring of see invisible (left hand)
 m - an amulet of the acrobat
Wands
 o - a wand of roots (5)
 u - a wand of quicksilver (14)
Scrolls
 j - 2 scrolls of teleportation
 k - a scroll of fear {unknown}
 p - a scroll of blinking
 s - a scroll of enchant weapon
 v - a scroll of identify
Potions
 d - 2 potions of might
 e - 2 potions of resistance
 h - a potion of heal wounds {unknown}
 l - 2 potions of curing {unknown}
 n - a potion of cancellation {unknown}
 q - a potion of invisibility {unknown}
 r - 4 potions of attraction
 w - 2 potions of degeneration {unknown}
 x - a potion of mutation {unknown}


   Skills:
 + Level 4.9 Fighting
 * Level 5.0 Axes
 + Level 2.2 Throwing
 + Level 4.7 Armour
 + Level 4.8 Shields


You had 5 spell levels left.
You didn't know any spells.
Your spell library was empty.

Dungeon Overview and Level Annotations

Branches:
Dungeon (4/15)             Temple (1/1) D:4

Altars:
Cheibriados
Nemelex Xobeh
Okawaru
Qazlal
Sif Muna
Vehumet

Annotations:
D:4 1 transporter


Innate Abilities, Weirdness & Mutations

You have a pair of horns on your head.
You reflexively headbutt those who attack you in melee.


Message History

You furiously retaliate!
You headbutt the jackal!
You kill the jackal!
Things that are here:
a jackal corpse; a jackal corpse; a jackal corpse You barely miss the jackal.
The jackal bites you but does no damage.
The jackal barely misses you.
You closely miss the jackal.
The jackal bites you but does no damage. x2
You completely miss the jackal.
The jackal bites you but does no damage.
You slash the jackal!
You kill the jackal!
An ogre comes into view. It is wielding a +0 giant club.
The ogre shouts!
Found 6 stones.
Found a stone staircase leading up.
You block the ogre's attack.
There is a staircase to the Ecumenical Temple here.
You block the ogre's attack.
You climb downwards.
Welcome to the Ecumenical Temple!
Found four altars.
There is a staircase back to the Dungeon here.
You barely miss the ogre. You headbutt the ogre!
The ogre is moderately wounded.
You hit the ogre.
The ogre is moderately wounded.
The ogre hits you with a +0 giant club!
You hit the ogre. You headbutt the ogre.
The ogre is severely wounded.
The ogre hits you with a +0 giant club.
You hit the ogre.
The ogre is severely wounded.
You block the ogre's attack.
You barely miss the ogre.
The ogre is severely wounded.
The ogre hits you with a +0 giant club!!
Found a stormy altar of Qazlal and a snail-covered altar of Cheibriados.
The ogre attacks as you move away!
The ogre hits you with a +0 giant club!!
You die...

..... ~.~~~
♣....♣ .~ ~♣
♣.§...♣♣.~~~♣
~~~~._.... ~~♣♣
..~......♣.~~~♣
_...♣.~~.♣..§~♣♣
.....~..~....~~♣
♣....§.@<.§.§.~♣
♣.._....O....§~~
♣.~....♣.......~
.♣♣.........~..~
...~._....♣..§~
..~......♣.♣..~~
~._....♣♣... .~~
.....♣♣ ._§. ≈≈


You could see an ogre.

Vanquished Creatures
  A bullfrog (D:4)
  A scorpion (D:4)
  An orc priest (D:3)
  An iguana (D:4)
  An orc wizard (D:3)
  4 adders
  2 dart slugs
  4 orcs (D:3)
  14 endoplasms
  3 giant cockroaches
  14 goblins
  6 hobgoblins
  8 jackals
  6 kobolds
  5 ball pythons
  10 bats
  5 frilled lizards
  2 rats
88 creatures vanquished.

Notes
Turn   | Place    | Note
-------+----------+-------------------------------------------
     0 | D:1      | bmack86 the Minotaur Fighter began the quest for the Orb.
     0 | D:1      | Reached XP level 1. HP: 19/19 MP: 0/0
    96 | D:1      | Found a faded altar of an unknown god.
   107 | D:1      | Reached XP level 2. HP: 26/27 MP: 1/1
   196 | D:1      | Reached skill level 3 in Axes
   315 | D:1      | Reached XP level 3. HP: 30/33 MP: 2/2
   831 | D:2      | Reached skill level 1 in Throwing
  1582 | D:2      | Reached XP level 4. HP: 40/40 MP: 3/3
  1876 | D:3      | Reached skill level 4 in Axes
  1880 | D:3      | Reached XP level 5. HP: 38/47 MP: 4/4
  2536 | D:4      | Found a transporter.
  2631 | D:4      | Found a staircase to the Ecumenical Temple.
  2636 | D:4      | Reached XP level 6. HP: 49/53 MP: 5/5
  2641 | D:4      | Reached skill level 5 in Axes
  2658 | Temple   | Entered the Ecumenical Temple
  2665 | Temple   | Slain by an ogre

Illustrated notes

Levels and vault maps discovered:
D:1:      matt_arrival_debris, layout_loops_ring,
          hellmonk_ecumenical_altar_crossroads, st_stairs_3,
          amcnicky_mini_pool_small
D:2:      layout_basic
D:3:      layout_basic
D:4:      gammafunk_cloud_chamber, layout_basic,
          minmay_temple_entry_drinking_statues
Temple:   nicolae_temple_bog_church

Skill      XL: |  1  2  3  4  5  6 |
---------------+-------------------+-----
Axes           | 3 4 5 |  5.0
Shields        | 4 |  4.8
Armour         | 4 |  4.7
Fighting       | 4 |  4.9
Throwing       | 1 2 |  2.2

Action                   |  1- 3 |  4- 6 || total
-------------------------+-------+-------++-------
Melee: War axe           |    58 |    85 ||   143
       Headbutt          |     9 |     9 ||    18
Throw: Boomerang         |    38 |     4 ||    42
       Dart              |       |     5 ||     5
  Use: Scroll            |     3 |     7 ||    10
Armor: Scale mail        |    40 |    57 ||    97
Dodge: Dodged            |    40 |    38 ||    78
Block: Buckler           |    20 |    26 ||    46

Table legend: (Time is in decaauts)
 A = Elapsed time spent in this place.
 B = Non-inter-level travel time spent in this place.
 C = Inter-level travel time spent in this place.
 D = Time resting spent in this place.
 E = Time spent auto-exploring this place.
 F = Levels seen in this place.
 G = Mean time per level.
                   A        B        C        D        E       F      G
               +--------+--------+--------+--------+--------+-----+--------+
         Total |   2725 |   2663 |     62 |      0 |   1972 |   5 |  545.0 |
       Dungeon |   2717 |   2655 |     62 |      0 |   1972 |   4 |  679.2 |
        Temple |      8 |      8 |      0 |      0 |      0 |   1 |    8.0 |
               +--------+--------+--------+--------+--------+-----+--------+

Top non-repeatable levels by time:
     D:2: 871 daAuts
     D:1: 824 daAuts
     D:3: 704 daAuts
     D:4: 317 daAuts
  Temple: 8 daAuts
